 Dungeon Crawl Stone Soup version 0.28-a0-1447-ga5a8893891 (webtiles) character file.

Game seed: 10659953564740632798

67 knot the Chopper (level 4, 33/35 HPs)
             Began as a Demonspawn Berserker on Jan 12, 2022.
             Was a Follower of Trog.
             Quit the game on level 2 of the Dungeon.
             The game lasted 00:01:16 (1740 turns).

knot the Chopper (Demonspawn Berserker)             Turns: 1740, Time: 00:01:16

Health: 33/35      AC:  2    Str: 17    XL:     4   Next: 0%
Magic:  4/4        EV: 12    Int: 11    God:    Trog [*.....]
Gold:   10         SH:  4    Dex: 12    Spells: 3/3 levels left

rFire   . . .      SeeInvis .   a - +0 hand axe
rCold   . . .      Faith    .   (no shield)
rNeg    . . .      Spirit   .   b - +0 animal skin
rPois   .          Reflect  .   (no helmet)
rElec   .          Harm     .   (no cloak)
rCorr   .          Rampage  .   (no gloves)
Will    .....                   (no boots)
Stlth   +.........              (no amulet)
HPRegen 0.11/turn               (no ring)
MPRegen 0.18/turn               (no ring)

@: no status effects
A: large bone plates 1, magic regeneration
a: Renounce Religion, Berserk


You were on level 2 of the Dungeon.
You worshipped Trog.
Trog was aware of your devotion.
You visited 1 branch of the dungeon, and saw 2 of its levels.

You collected 10 gold pieces.

Inventory:

Hand Weapons
 a - a +0 hand axe (weapon)
Armour
 b - a +0 animal skin (worn)
Scrolls
 c - 3 scrolls of identify {unknown}
 e - a scroll of enchant weapon {unknown}
 f - a scroll of brand weapon {unknown}
 h - a scroll of vulnerability {unknown}
Potions
 d - 2 potions of heal wounds {unknown}
 g - a potion of haste {unknown}


   Skills:
 - Level 3.0 Fighting
 + Level 4.4 Axes
 - Level 1.7 Armour
 - Level 1.7 Dodging


You had 3 spell levels left.
You didn't know any spells.
Your spell library contained the following spells:

 Spells                   Type           Power      Damage    Failure   Level
 Shock                    Conj/Air       0%         1d3       34%         1
 Blink                    Tloc           0%         N/A       47%         2
 Lesser Beckoning         Tloc           0%         N/A       71%         3
 Swiftness                Air            0%         N/A       71%         3
 Airstrike                Air            0%         N/A       98%         4
 Manifold Assault         Tloc           0%         N/A       100%        5


Dungeon Overview and Level Annotations

Branches:
Dungeon (2/15)

Altars:


Innate Abilities, Weirdness & Mutations

You are partially covered in large bone plates. (SH +4)
You regenerate magic rapidly.


Message History

You barely miss the bat. The bat hits you but does no damage.
The bat barely misses you. The bat closely misses you.
You slash the bat!
You kill the bat!
Trog accepts your kill.
You barely miss the bat. The bat hits you. The bat barely misses you.
The bat barely misses you. The bat hits you but does no damage.
The bat misses you. The bat hits you. The bat barely misses you.
You hit the bat.
The bat is moderately wounded.
The bat hits you. The bat closely misses you.
You hit the bat.
You kill the bat!
Trog accepts your kill.
No target in view!
No target in view!
No target in view!
You see here a bat corpse.
A hobgoblin comes into view.
A hobgoblin is nearby!
A goblin comes into view. It is wielding a +0 club.
The goblin shouts!
The hobgoblin shouts!
The hobgoblin closely misses you.
A goblin comes into view. It is wielding a +0 dagger.
There is an open door here.
The goblin shouts!
You hit the hobgoblin.
You kill the hobgoblin!
Trog accepts your kill. The goblin hits you with a +0 dagger.
You closely miss the goblin. You hit the goblin.
You kill the goblin!
Trog accepts your kill. The goblin barely misses you.
You have reached level 4!
You feel clever.
Your demonic ancestry asserts itself...
Large bone plates grow over parts of your arms.
Are you sure you want to abandon this character and quit the game? (Confirm with "yes".)

##..#
+#######...†.........#
....#
.......#.######.##'###
..#.# .......#.#
.........## ....#
#......#.# #.###....##
#.#.# .....#.#..
#....## #.#.# #...#.#.
####.## #.#.# #...#.#
#.## #.#.+ #..['.#
#.#####.## ... #.@.#.#
.......... #g).#.#
#.######.# ......#..
#.. #......#.#. #####.
........#.#.. ###.....
.........#.# .#
........ ##'#######.#
.. ........ ..
........ .....###


You could see a goblin.

Vanquished Creatures
  An iguana (D:2)
  A gnoll (D:1)
  A dart slug (D:1)
  3 endoplasms
  3 goblins
  4 hobgoblins
  2 quokkas (D:1)
  6 ball pythons
  3 bats
  2 frilled lizards (D:1)
  2 kobolds (D:1)
  2 rats (D:1)
30 creatures vanquished.

Notes
Turn   | Place    | Note
-------+----------+-------------------------------------------
     0 | D:1      | knot the Demonspawn Berserker began the quest for the Orb.
     0 | D:1      | Reached XP level 1. HP: 18/18 MP: 1/1
   198 | D:1      | Reached skill level 3 in Axes
   401 | D:1      | Gained mutation: You regenerate magic rapidly. [demonic
                  | ancestry]
   401 | D:1      | Reached XP level 2. HP: 12/24 MP: 2/2
   868 | D:1      | Reached XP level 3. HP: 28/29 MP: 3/3
  1162 | D:2      | Reached skill level 4 in Axes
  1644 | D:2      | Identified the +1 robe of Joy {*Corrode +Blink rElec rN+
                  | Stlth+}
  1740 | D:2      | Gained mutation: You are partially covered in large bone
                  | plates. (SH +4) [demonic ancestry]
  1740 | D:2      | Reached XP level 4. HP: 33/35 MP: 4/4
  1740 | D:2      | Quit the game

Illustrated notes

Levels and vault maps discovered:
D:1:      heliophobic_arrival_glass_houses, layout_basic
D:2:      layout_basic, hellmonk_ecumenical_altar_inner_sanctum,
          kennysheep_generic_room_16

Skill      XL: |  1  2  3 |
---------------+----------+-----
Axes           | 3 4 |  4.4
Fighting       | |  3.0
Armour         | |  1.7
Dodging        | |  1.7

Action                   |  1- 3 |  4- 6 || total
-------------------------+-------+-------++-------
Melee: Hand axe          |    77 |       ||    77
Invok: Berserk           |     2 |       ||     2
 Stab: Sleeping          |     1 |       ||     1
Armor: Animal skin       |    16 |       ||    16
Dodge: Dodged            |    59 |       ||    59

Table legend: (Time is in decaauts)
 A = Elapsed time spent in this place.
 B = Non-inter-level travel time spent in this place.
 C = Inter-level travel time spent in this place.
 D = Time resting spent in this place.
 E = Time spent auto-exploring this place.
 F = Levels seen in this place.
 G = Mean time per level.
                   A        B        C        D        E       F      G
               +--------+--------+--------+--------+--------+-----+--------+
         Total |   1770 |   1752 |     18 |    600 |    960 |   2 |  885.0 |
       Dungeon |   1770 |   1752 |     18 |    600 |    960 |   2 |  885.0 |
               +--------+--------+--------+--------+--------+-----+--------+

Top non-repeatable levels by time:
     D:1: 1115 daAuts
     D:2: 655 daAuts
